 Dungeon Crawl Stone Soup version 0.29.0-4-gdea44cf6ec (webtiles) character file.

Game seed: 17031484438709811447

40 qw the Chopper (level 3, -4/29 HPs)
             Began as a Barachi Chaos Knight on Sept 5, 2022.
             Slain by Sigmund
             ... wielding a +0 scythe
              (10 damage)
             ... on level 2 of the Dungeon.
             The game lasted 00:00:38 (1243 turns).

qw the Chopper (Barachi Chaos Knight)               Turns: 1243, Time: 00:00:38

Health: -4/29      AC:  5    Str: 15    XL:     3   Next: 50%
Magic:  3/3        EV: 10    Int: 12    God:
Gold:   65         SH:  0    Dex: 11    Spells: 2/2 levels left

rFire   + . .      SeeInvis .   Y - +1 hand axe (chaos)
rCold   . . .      Faith    .   (no shield)
rNeg    . . .      Spirit   .   f - +0 ring mail
rPois   .          Reflect  .   (no helmet)
rElec   .          Harm     .   (no cloak)
rCorr   .          Rampage  .   (no gloves)
Will    .....                   (no boots)
Stlth   +.........              (no amulet)
HPRegen 0.09/turn               (no ring)
MPRegen 0.08/turn               (no ring)

@: slow
A: amphibious, slowness 1, strong legs 1, +LOS, talons 1, deterioration 1, fire
resistance 1, wild magic 1, MP-powered wands
a: Hop


You were on level 2 of the Dungeon.
You visited 1 branch of the dungeon, and saw 2 of its levels.

You collected 65 gold pieces.


Innate Abilities, Weirdness & Mutations

You are amphibious.
You cover ground slowly.
You can hop short distances.
You have an extended range of vision and can be seen from far away.
You have sharp toenails.
Your body sometimes deteriorates upon taking damage.
Your flesh is heat resistant. (rF+)
Your spells are a little harder to cast, but a little more powerful.
You expend magic power (3 MP) to strengthen your wands.


   Skills:
 - Level 3.6 Fighting
 + Level 4.9 Axes
 - Level 2.4 Armour
 - Level 1.1 Dodging


You had 2 spell levels left.
You didn't know any spells.
Your spell library was empty.

Inventory:

Hand Weapons
 g - a +0 whip
 Y - a +1 hand axe of chaos (weapon)
Armour
 a - a +0 chain mail
 f - a +0 ring mail (worn)
Scrolls
 b - a scroll of magic mapping {unknown}
Potions
 d - a potion of curing
 h - a potion of attraction {unknown}
 l - a potion of mutation {unknown}
Miscellaneous
 c - a piece from Xom's chessboard (15/15)

Dungeon Overview and Level Annotations

Branches:
Dungeon (2/15)

Altars:
Xom

Annotations:
D:2 Sigmund


Message History

Deactivating autopickup; reactivate with Ctrl-A.
You swing at nothing.
You swing at nothing.
A puff of flame appears from out of thin air!
The puff of flame hits you. You resist.
You swing at nothing.
You swing at nothing.
You swing at nothing.
You swing at nothing.
A magic dart appears from out of thin air!
The magic dart hits you.
You swing at nothing.
You swing at nothing.
You swing at nothing.
Something hits you but does no damage.
You swing at nothing.
Something hits you.
You swing at nothing.
You hear some strange, mumbled words.
Something tries to affect you, but you resist.
You swing at nothing.
Something hits you but does no damage.
You swing at nothing.
You swing at nothing.
Something hits you but does no damage.
You swing at nothing.
Something hits you.
You swing at nothing.
You swing at nothing.
Something hits you.
You swing at nothing.
Something hits you.
You swing at nothing.
Something hits you!
You swing at nothing.
You swing at nothing.
Something hits you.
You swing at nothing.
Something hits you!
You die...

##.........#
.........
##.........#
.[.......
##.........#
.........
............
#.._....
###.......## #.....
#.......# #....
#........# #{.#
#....(...######.##
#..............@.#
#................#
##.##+##).........#
...##+##....#######
............#
............#
............#
............#
########....#


There were no monsters in sight!

Vanquished Creatures
  2 dart slugs (D:1)
  4 endoplasms
  2 goblins (D:1)
  4 hobgoblins
  3 quokkas (D:1)
  8 ball pythons (D:1)
  3 bats (D:1)
  4 frilled lizards (D:1)
  A kobold (D:1)
  A rat (D:1)
32 creatures vanquished.

Notes
Turn   | Place    | Note
-------+----------+-------------------------------------------
     0 | D:1      | qw the Barachi Chaos Knight began the quest for the Orb.
     0 | D:1      | Reached XP level 1. HP: 18/18 MP: 1/1
     0 | D:1      | 0 ||| qw: Version: 0.1-a-104-g96f76f8
     0 | D:1      | 0 ||| qw: Game counter: 5862
     0 | D:1      | 0 ||| qw: Always use a shield: true
     0 | D:1      | 0 ||| qw: God list: Okawaru
     0 | D:1      | 0 ||| qw: Allow faded altars: false
     0 | D:1      | 0 ||| qw: Do Orc after D:15 true
     0 | D:1      | 0 ||| qw: Do second Lair branch before Depths: true
     0 | D:1      | 0 ||| qw: Lair rune preference: random
     0 | D:1      | 0 ||| qw: Plans: Normal
     0 | D:1      | 0 ||| PLANNING D:1-11
     0 | D:1      | Fell from the grace of Xom
    60 | D:1      | 60 ||| Stepping ~*~*~tactically~*~*~ (hiding).
   197 | D:1      | 197 ||| Stepping ~*~*~tactically~*~*~ (stealth).
   200 | D:1      | Reached XP level 2. HP: 24/24 MP: 2/2
   202 | D:1      | 202 ||| Stepping ~*~*~tactically~*~*~ (stealth).
   205 | D:1      | 205 ||| Stepping ~*~*~tactically~*~*~ (stealth).
   211 | D:1      | Reached skill level 4 in Axes
   279 | D:1      | XOM: give mutations
   279 | D:1      | Gained mutation: You have sharp toenails. [Xom's grace]
   279 | D:1      | Gained mutation: Your spells are a little harder to cast,
                  | but a little more powerful. [Xom's grace]
   279 | D:1      | Gained mutation: You expend magic power (3 MP) to
                  | strengthen your wands. [Xom's grace]
   302 | D:1      | 302 ||| Stepping ~*~*~tactically~*~*~ (stealth).
   304 | D:1      | 304 ||| Stepping ~*~*~tactically~*~*~ (stealth).
   306 | D:1      | 306 ||| Stepping ~*~*~tactically~*~*~ (stealth).
   328 | D:1      | XOM: god gift: 16 gold pieces
   379 | D:1      | Found a faded altar of an unknown god.
   402 | D:1      | 402 ||| Stepping ~*~*~tactically~*~*~ (stealth).
   542 | D:1      | Reached XP level 3. HP: 25/29 MP: 3/3
   681 | D:1      | 681 ||| Stepping ~*~*~tactically~*~*~ (stealth).
   726 | D:1      | 726 ||| Stepping ~*~*~tactically~*~*~ (hiding).
   729 | D:1      | 729 ||| Stepping ~*~*~tactically~*~*~ (hiding).
   730 | D:1      | 730 ||| Stepping ~*~*~tactically~*~*~ (hiding).
  1031 | D:1      | XOM: give mutations
  1031 | D:1      | Gained mutation: Your flesh is heat resistant. (rF+) [Xom's
                  | mischief]
  1031 | D:1      | Gained mutation: Your body sometimes deteriorates upon
                  | taking damage. [Xom's mischief]
  1088 | D:1      | 1088 ||| UPGRADING to +0 ring mail.
  1098 | D:1      | 1098 ||| DROPPING +2 leather armour.
  1099 | D:1      | 1099 ||| DROPPING +6 ring of intelligence.
  1100 | D:1      | 1100 ||| READING scroll labelled PIEDUR BUXT.
  1105 | D:1      | 1105 ||| READING scroll labelled MIL QUGGAR.
  1106 | D:1      | 1106 ||| DRINKING 2 smoky clear potions.
  1107 | D:1      | 1107 ||| DRINKING 2 grey potions.
  1108 | D:1      | 1108 ||| DROPPING potion of brilliance.
  1202 | D:2      | XOM: 1-stop teleportation journey
  1220 | D:2      | Found a shimmering altar of Xom.
  1221 | D:2      | Noticed Sigmund
  1242 | D:2      | HP: 6/29 [something (4)]
  1243 | D:2      | Slain by Sigmund

Levels and vault maps discovered:
D:1:      scummos_arrival_gate, layout_loops_cross,
          shapermc_ecumenical_altar_mp_highgroup, minmay_splitting_lines
D:2:      layout_basic, basic_altar, uniq_sigmund

Skill      XL: |  1  2 |
---------------+-------+-----
Axes           | 4 |  4.9
Fighting       | |  3.6
Armour         | |  2.4
Dodging        | |  1.1

Action                   || total
-------------------------++-------
Melee: Hand axe          ||    62
       Kick              ||     8
Invok: Renounce Religion ||     1
  Use: Scroll            ||     2
       Potion            ||     2
Armor: Leather armour    ||    24
       Ring mail         ||     3
Dodge: Dodged            ||    21

Table legend:
 A = Non-vault XP
 B = Vault XP
 C = Vault XP percentage of total XP
 D = Non-vault monster count
 E = Vault monster count
 F = Vault count percentage of total count
                 A         B        C        D         E       F
            +---------+---------+-------+---------+---------+-------
      Total |      58 |       0 |   0.0 |      32 |       0 |   0.0
            +---------+---------+-------+---------+---------+-------
        D:1 |      54 |       0 |   0.0 |      30 |       0 |   0.0
        D:2 |       4 |       0 |   0.0 |       2 |       0 |   0.0
            +---------+---------+-------+---------+---------+-------
